 Dungeon Crawl Stone Soup version 0.16.2-2-g470672f (webtiles) character file.

10871 FruitAndGarbage the Blocker (level 11, -1/97 HPs)
             Began as a Minotaur Fighter on Aug 25, 2015.
             Was a High Priest of Okawaru.
             Killed from afar by Fannar (24 damage)
             ... with a bolt of cold
             ... on level 10 of the Dungeon.
             The game lasted 00:35:55 (9849 turns).

FruitAndGarbage the Blocker (Minotaur Fighter)      Turns: 9849, Time: 00:35:55

Health: -1/97      AC: 19    Str: 20    XL:     11   Next: 41%
Magic:  14/14      EV: 10    Int:  5    God:    Okawaru [*****.]
Gold:   725        SH: 21    Dex: 14    Spells: 1 memorised, 5 levels left

rFire  . . .     SeeInvis +     a - +1 scimitar (elec)
rCold  . . .     Clarity  .     f - +0 plate armour
rNeg   . . .     SustAb   .     C - +0 large shield
rPois  .         Gourm    .     (helmet restricted)
rElec  .         Spirit   .     m - +0 cloak (curse)
rCorr  .         Warding  .     A - +0 pair of gloves
rMut   .         Stasis   .     (no boots)
MR     .....                    o - amulet of faith
Stlth  ..........               (no ring)
                                I - ring of see invisible

@: heroism, not resistant to hostile enchantments, extremely unstealthy
A: retaliatory headbutt, horns 2
a: Heroism, Finesse, Renounce Religion


You were on level 10 of the Dungeon.
You worshipped Okawaru.
Okawaru was extremely pleased with you.
You were hungry.

You visited 2 branches of the dungeon, and saw 11 of its levels.

You collected 725 gold pieces.

Inventory:

Hand weapons
 a - a +1 scimitar of electrocution (weapon)
 b - a +3 long sword of holy wrath
 E - a +2 scimitar of freezing
Missiles
 e - 6 poisoned javelins
 i - 13 tomahawks (quivered)
 H - 2 silver tomahawks
Armour
 f - a +0 plate armour (worn)
 m - a cursed +0 cloak (worn)
 A - a +0 pair of gloves (worn)
 C - a +0 large shield (worn)
Jewellery
 o - an amulet of faith (around neck)
 I - a ring of see invisible (left hand)
Magical devices
 s - a wand of frost (17)
 w - a wand of magic darts (22)
 x - a wand of digging (1)
Scrolls
 g - 4 scrolls of identify
 h - 3 scrolls of magic mapping
 k - 2 scrolls of enchant weapon
 n - 5 scrolls of teleportation
 v - 3 scrolls of remove curse
 B - 3 scrolls of fear
 F - a scroll of recharging
Potions
 c - 2 potions of curing
 t - 2 potions of restore abilities
 u - a potion of resistance
 z - a potion of magic
 J - a potion of berserk rage {unknown}
 K - a potion of cancellation
Books
 y - a book of Summonings

   Spells                             Type                      Level
   a - Abjuration                     Summoning                    3
   b - Recall                         Summoning/Translocation      3
   c - Shadow Creatures               Summoning                    5
   d - Summon Demon                   Summoning                    5
   e - Summon Forest                  Summoning/Translocation      5
   f - Monstrous Menagerie            Summoning                    6
 D - a book of Flames

   Spells                             Type                      Level
   a - Flame Tongue                   Conjuration/Fire             1
   b - Throw Flame                    Conjuration/Fire             2
   c - Conjure Flame                  Conjuration/Fire             3
   d - Inner Flame                    Hexes/Fire                   3
   e - Sticky Flame                   Conjuration/Fire             4
   f - Fireball                       Conjuration/Fire             5
 G - a book of Geomancy

   Spells                             Type                      Level
   a - Sandblast                      Earth                        1
   b - Stoneskin                      Transmutation/Earth          2
   c - Passwall                       Transmutation/Earth          3
   d - Stone Arrow                    Conjuration/Earth            3
   e - Petrify                        Transmutation/Earth          4
   f - Lee's Rapid Deconstruction     Earth                        5
Comestibles
 d - 11 bread rations
 j - 6 meat rations
 p - 5 fruits
 q - 3 beef jerkies
 r - 2 slices of pizza


   Skills:
 * Level 9.5(14.5) Fighting
 + Level 7.3(12.3) Long Blades
 * Level 5.4(10.4) Throwing
 * Level 9.5(14.5) Armour
 * Level 6.4(11.4) Dodging
 + Level 0.5(5.5) Stealth
 * Level 11.6(16.6) Shields
 + Level 0.2 Invocations
 * Level 5.7 Evocations


You had 5 spell levels left.
You knew the following spells:

 Your Spells              Type           Power        Failure   Level  Hunger
a - Summon Forest         Summ/Tloc      #.........   100%        5    ######.


Dungeon Overview and Level Annotations

Branches:
Dungeon (10/15)            Temple (1/1) D:7            Lair (0/8) D:8
    Orc: D:9-12

Altars:
Ashenzari
Cheibriados
Dithmenos
Elyvilon
Fedhas
Gozag
Kikubaaqudgha
Makhleb
Nemelex Xobeh
Okawaru
Qazlal
Ru
Sif Muna
Trog
Vehumet
Xom
Yredelemnul
Zin
The Shining One

Shops:
D:8 ?

Annotations:
D:10 Fannar


Innate Abilities, Weirdness & Mutations

You reflexively headbutt those who attack you in melee.
You have a pair of horns on your head.


Message History

The ice beast is almost dead.
You block the ice beast's attack.
You slash the ice beast!
You kill the ice beast!
Fannar blocks your attack.
Fannar is moderately wounded.
Fannar hits you but does no damage.
You slice Fannar!!
Fannar is severely wounded.
You block Fannar's attack.
You miss Fannar.
Fannar is severely wounded.
You block Fannar's attack. Fannar blocks your attack.
Fannar is severely wounded.
You hit Fannar. You headbutt Fannar.
Fannar is severely wounded.
Fannar gestures at you while chanting. The bolt of cold hits you!
You die...

..... ..< ... ... #.# ##
#)# #####.... ####.#
######.....#
#####...(#####......######.
.........e@....#####.......
.###..##############.######
#. #.....# #. #.##### #
######.# #......#
#####.###### ##.......##
#.##.........# .


You could see Fannar.

Vanquished Creatures
  An unseen horror (D:10)
  Pikel (D:6)
  A hill giant (D:10)
  A cyclops (D:10)
  Joseph (D:7)
  Psyche (D:8)
  3 two-headed ogres
  Prince Ribbit (D:5)
  4 basilisks (D:8)
  A hungry ghost (D:8)
  9 yaks
  A deep elf mage (D:10)
  A hippogriff (D:9)
  Menkaure (D:7)
  4 porcupines (D:8)
  2 necrophages
  4 ice beasts (D:10)
  An orc warrior (D:9)
  A wasp (D:10)
  3 sky beasts
  5 ogres
  3 crocodiles (D:8)
  3 centaurs
  Sigmund (D:4)
  Duvessa (D:7)
  2 big kobolds (D:9)
  5 giant frogs
  Blork the orc (D:7)
  2 scorpions
  9 killer bees
  10 wights
  3 goliath beetles
  Dowan (D:7)
  5 crimson imps
  2 giant frog zombies
  5 hounds
  A jelly (D:8)
  3 centaur skeletons
  Crazy Yiuf (D:2)
  2 iguanas
  4 orc priests
  3 giant frog skeletons
  Natasha (thrice) (D:4)
  8 orc wizards
  7 worker ants
  4 hound skeletons
  2 worker ant zombies
  Robin (D:4)
  3 gnolls (D:5)
  8 adders
  3 river rats (D:8)
  A giant mite (D:4)
  2 shadow imps
  A white imp (D:4)
  4 worms (D:2)
  2 adder skeletons
  5 giant geckos
  31 orcs
  2 ball pythons
  A bat skeleton (D:7)
  A bat zombie (D:8)
  A giant cockroach (D:1)
  21 hobgoblins
  4 jackals (D:4)
  5 quokkas
  18 bats
  A giant gecko zombie (D:7)
  6 giant newts
  22 goblins
  A jackal skeleton (D:4)
  30 kobolds
  20 rats
  2 ballistomycetes (D:7)
334 creatures vanquished.

Vanquished Creatures (others)
  A centaur (D:6)
  A centaur zombie (D:6)
  A centaur skeleton (D:6)
  An orc (D:7)
  A bat (D:6)
  2 giant spores
  2 kobolds
9 creatures vanquished.

Grand Total: 343 creatures vanquished

Notes
Turn   | Place    | Note
--------------------------------------------------------------
     0 | D:1      | FruitAndGarbage, the Minotaur Fighter, began the quest for the Orb.
     0 | D:1      | Reached XP level 1. HP: 19/19 MP: 1/1
   141 | D:1      | Reached XP level 2. HP: 20/27 MP: 1/1
   318 | D:1      | Reached skill level 1 in Dodging
   581 | D:2      | Reached skill level 4 in Armour
   581 | D:2      | Reached XP level 3. HP: 33/33 MP: 2/2
  1364 | D:2      | Noticed Crazy Yiuf
  1367 | D:2      | Paralysed by Crazy Yiuf for 2 turns
  1369 | D:2      | Killed Crazy Yiuf
  1369 | D:2      | Reached skill level 1 in Throwing
  1369 | D:2      | Reached XP level 4. HP: 41/41 MP: 2/2
  2068 | D:4      | Reached XP level 5. HP: 32/47 MP: 2/2
  2100 | D:4      | Noticed Sigmund
  2133 | D:4      | Killed Sigmund
  2133 | D:4      | Reached skill level 5 in Fighting
  2133 | D:4      | Reached skill level 5 in Shields
  2347 | D:4      | Noticed Robin
  2376 | D:4      | Reached XP level 6. HP: 7/56 MP: 3/3
  2381 | D:4      | Killed Robin
  2603 | D:4      | Found a burning altar of Makhleb.
  2755 | D:4      | Noticed an ogre
  2763 | D:4      | Killed an ogre
  2767 | D:4      | Noticed Natasha
  2775 | D:4      | Killed Natasha
  2778 | D:4      | Reached skill level 6 in Shields
  3087 | D:4      | Noticed Natasha
  3095 | D:4      | Killed Natasha
  3135 | D:4      | Reached skill level 5 in Armour
  3229 | D:4      | Reached XP level 7. HP: 61/61 MP: 3/3
  3281 | D:4      | Noticed Natasha
  3285 | D:4      | Killed Natasha
  3313 | D:5      | Entered Level 5 of the Dungeon
  3325 | D:5      | Reached skill level 1 in Evocations
  3415 | D:5      | Noticed Prince Ribbit
  3464 | D:5      | Killed Prince Ribbit
  3591 | D:5      | Found a radiant altar of Vehumet.
  3598 | D:5      | Found an opulent altar of Gozag.
  3600 | D:5      | Found a glowing golden altar of the Shining One.
  3602 | D:5      | Found a sacrificial altar of Ru.
  4015 | D:5      | Reached XP level 8. HP: 43/70 MP: 5/5
  4043 | D:5      | Found a white marble altar of Elyvilon.
  4795 | D:6      | Reached skill level 7 in Shields
  4903 | D:6      | Noticed Pikel
  4934 | D:6      | Killed Pikel
  4934 | D:6      | Reached skill level 5 in Long Blades
  5247 | D:6      | Reached XP level 9. HP: 68/79 MP: 8/8
  5530 | D:6      | Found a blossoming altar of Fedhas.
  5763 | D:6      | Found a burning altar of Makhleb.
  6304 | D:7      | Noticed Joseph
  6309 | D:7      | Noticed Menkaure
  6323 | D:7      | HP: 1/79 [Joseph/sling bullet (6)]
  6326 | D:7      | Killed Menkaure
  6326 | D:7      | Reached skill level 8 in Shields
  6327 | D:7      | Killed Joseph
  6580 | D:7      | Noticed Blork the orc
  6588 | D:7      | Killed Blork the orc
  6635 | D:7      | Found a stormy altar of Qazlal.
  6800 | D:7      | Found a staircase to the Ecumenical Temple.
  6806 | Temple   | Entered the Ecumenical Temple
  6838 | Temple   | Became a worshipper of Warmaster Okawaru
  7377 | D:7      | Noticed Duvessa
  7385 | D:7      | Killed Duvessa
  7386 | D:7      | Noticed Dowan
  7392 | D:7      | Killed Dowan
  7483 | D:8      | Acquired Okawaru's first power
  7497 | D:8      | Reached skill level 9 in Shields
  7646 | D:8      | Reached skill level 5 in Dodging
  7732 | D:8      | Noticed Psyche
  7740 | D:8      | Killed Psyche
  7740 | D:8      | Reached XP level 10. HP: 61/88 MP: 11/11
  7883 | D:8      | Reached skill level 10 in Shields
  7927 | D:8      | Received a gift from Okawaru
  7950 | D:8      | Found a staircase to the Lair.
  8063 | D:8      | Reached skill level 5 in Evocations
  8128 | D:8      | Found Benaw's Magic Scroll Emporium.
  8533 | D:9      | Reached skill level 5 in Throwing
  8682 | D:9      | Reached skill level 11 in Shields
  8682 | D:9      | Reached XP level 11. HP: 97/97 MP: 13/13
  8998 | D:10     | Entered Level 10 of the Dungeon
  9310 | D:10     | Learned a level 5 spell: Summon Forest
  9339 | D:10     | Noticed a hill giant
  9339 | D:10     | Received a gift from Okawaru
  9352 | D:10     | Killed a hill giant
  9371 | D:10     | Acquired Okawaru's second power
  9766 | D:10     | Noticed an unseen horror
  9776 | D:10     | Killed an unseen horror
  9808 | D:10     | Noticed Fannar
  9849 | D:10     | Killed from afar by Fannar

Action                   |  1- 3 |  4- 6 |  7- 9 | 10-12 || total
-------------------------+-------+-------+-------+-------++-------
Melee: Long sword        |   141 |   182 |   318 |    45 ||   686
       Scimitar          |       |       |   112 |   303 ||   415
Throw: Tomahawk          |       |       |    16 |    16 ||    32
Invok: Heroism           |       |       |       |     3 ||     3
  Use: Scroll            |     8 |       |     4 |     1 ||    13
       Potion            |     3 |     6 |     5 |     2 ||    16
  Eat: Chunk             |     1 |     7 |    15 |     7 ||    30
